 Dungeon Crawl Stone Soup version 0.19-a0-1879-gd95bc26 (webtiles) character file.

42 Minion the Digger (level 3, -1/26 HPs)
             Began as a Centaur Earth Elementalist on Oct 14, 2016.
             Slain by a kobold
             ... wielding a +0 short sword
              (4 damage)
             ... on level 1 of the Dungeon.
             The game lasted 00:09:45 (1813 turns).

Minion the Digger (Centaur Earth Elementalist)      Turns: 1813, Time: 00:09:46

Health: -1/26      AC:  4    Str: 13    XL:     3   Next: 35%
Magic:  0/6        EV:  9    Int: 15    God:
Gold:   54         SH:  0    Dex:  7    Spells: 2 memorised, 2 levels left

rFire  . . .     SeeInvis .     (no weapon)
rCold  . . .     Gourm    .     c - +0 robe
rNeg   . . .     Faith    .     (no shield)
rPois  .         Spirit   .     (no helmet)
rElec  .         Dismiss  .     (no cloak)
rCorr  .         Reflect  .     (no gloves)
MR     .....     Harm     .     (no barding)
Stlth  +.........               (no amulet)
                                i - -2 ring of dexterity (curse)
                                a - +3 ring of strength

@: very quick
A: hooves 3, deformed body, speed 2, tough skin 3
a: no special abilities


You were on level 1 of the Dungeon.
You were not hungry.

You visited 1 branch of the dungeon, and saw 1 of its levels.

You collected 54 gold pieces.

Inventory:

Missiles
 b - 86 stones (quivered)
Armour
 c - a +0 robe (worn)
Jewellery
 a - a +3 ring of strength (left hand)
 i - a cursed -2 ring of dexterity (right hand)
Scrolls
 f - a scroll of remove curse {unknown}
Potions
 g - a potion of flight {unknown}
 h - a potion of resistance {unknown}
 j - a potion of agility
 k - a potion of ambrosia {unknown}
Books
 e - a book of Geomancy

   Spells                             Type                      Level
   a - Sandblast                      Earth                        1
   b - Passwall                       Transmutation/Earth          2
   c - Stone Arrow                    Conjuration/Earth            3
   d - Petrify                        Transmutation/Earth          4
   e - Lee's Rapid Deconstruction     Earth                        5
Comestibles
 d - a bread ration


   Skills:
 - Level 1.3 Dodging
 - Level 1.1 Stealth
 + Level 2.3 Spellcasting
   Level 0.8 Transmutations
 + Level 3.3 Earth Magic


You had 2 spell levels left.
You knew the following spells:

 Your Spells              Type           Power        Failure   Level  Hunger
a - Sandblast             Erth           ##....       8%          1    #......
b - Stone Arrow           Conj/Erth      #.....       34%         3    ###....


Dungeon Overview and Level Annotations

Branches:
Dungeon (1/15)

Altars:


Innate Abilities, Weirdness & Mutations

You have hooves in place of feet.
Armour fits poorly on your strangely shaped body.
You cover ground very quickly.
You have extremely tough skin. (AC +3)


Message History

There are monsters nearby!
Casting: Stone Arrow
Confirm with . or Enter, or press ? or * to list all spells.
Aiming: Stone Arrow
Press: ? - help, Shift-Dir - straight line, f - hobgoblin
Aim: a hobgoblin The stone arrow hits the hobgoblin.
You kill the hobgoblin!
The kobold throws a stone.
The stone hits you but does no damage. The kobold hits you but does no damage.
You see here a hobgoblin corpse.
You closely miss the kobold. The kobold hits you with a short sword.
* * * LOW HITPOINT WARNING * * *
You hit the kobold.
The kobold is moderately wounded.
The kobold barely misses you.
You completely miss the kobold.
The kobold is moderately wounded.
The kobold hits you with a short sword.
You die...

..#####.# #.###.###...#.# ..# #.#
#.# #.###...#.# ### #.# #.#
#.##......# #.# #####.#
#.......#.# #.# #...#.#
#####.....# #######.#### #.>...#
##.#### ...........# #...### #.#
####.#..##.# ##K## ##'##
###.#..##.# #@# ##...##
#......##.# #.### ##.....##
##.#.#.###.# #(#.## ##...)...#
.......###.#####....####.........
...)...........).......'.........
.).....#########....####.........
.#.....# #...)....# ##.......#
.....#.# #.###.##.# ##.....##
####...# #.# #รท##.# ##...###


You could see a kobold.

Vanquished Creatures
  2 dart slugs (D:1)
  A leopard gecko (D:1)
  A giant cockroach (D:1)
  5 goblins (D:1)
  6 hobgoblins (D:1)
  4 jackals (D:1)
  2 ball pythons (D:1)
  5 bats (D:1)
  4 frilled lizards (D:1)
  2 kobolds (D:1)
  4 rats (D:1)
36 creatures vanquished.

Notes
Turn   | Place    | Note
-------+----------+-------------------------------------------
     0 | D:1      | Minion the Centaur Earth Elementalist began the quest for the Orb.
     0 | D:1      | Reached XP level 1. HP: 14/14 MP: 3/3
   244 | D:1      | Reached XP level 2. HP: 8/20 MP: 0/4
   349 | D:1      | Reached skill level 3 in Earth Magic
  1246 | D:1      | Reached XP level 3. HP: 25/26 MP: 4/6
  1530 | D:1      | Learned a level 3 spell: Stone Arrow
  1813 | D:1      | Slain by a kobold

Vault maps used:
D:1:      dpeg_arrival_pond, minivault_27, minmay_tromino_v4_c

Skill      XL: |  1  2 |
---------------+-------+-----
Earth Magic    | 3 |  3.3
Spellcasting   | 2 |  2.3
Dodging        | |  1.3
Stealth        | |  1.1
Transmutations | |  0.8

Action                   || total
-------------------------++-------
Melee: Unarmed           ||    79
       Kick              ||     9
 Cast: Sandblast         ||    50
       Stone Arrow       ||     4
  Eat: Chunk             ||     2
       Bread ration      ||     1
Armor: Robe              ||    45
Dodge: Dodged            ||    62
